 Dungeon Crawl Stone Soup version 0.31.0-9-g3a7656b989 (webtiles) character file.

Game seed: 14835774345002317395

7 qw the Shooter (level 1, -3/17 HPs)
             Began as a Demigod Hunter on Feb 2, 2024.
             Frozen to death by an endoplasm (4 damage)
             ... on level 1 of the Dungeon.
             The game lasted 00:00:00 (65 turns).

qw the Shooter (Demigod Hunter)                       Turns: 65, Time: 00:00:00

Health: -3/17      AC:  3    Str: 12    XL:     1   Next: 73%
Magic:  3/3        EV: 12    Int: 11    God:
Gold:   0          SH:  0    Dex: 17    Spells: 0/0 levels left

rFire   . . .        a - +0 shortbow
rCold   . . .        (shield currently unavailable)
rNeg    . . .        c - +0 leather armour
rPois   .            (no helmet)
rElec   .            (no cloak)
rCorr   .            (no gloves)
SInv    .            (no boots)
Will    .....        (no amulet)
Stlth   ++           (no ring)
HPRegen 0.22/turn    (no ring)
MPRegen 0.08/turn

%: no passive effects
@: no status effects
A: high MP 1, forlorn, divine attributes
a: no special abilities


You were on level 1 of the Dungeon.
You visited 1 branch of the dungeon, and saw 1 of its levels.


Innate Abilities, Weirdness & Mutations

You have an increased reservoir of magic. (+10% MP)
You shall have no god before yourself.
Your divine heritage dramatically boosts your attributes as you level up.


   Skills:
 + Level 1.7 Fighting
 - Level 4.0 Ranged Weapons
 - Level 1.7 Dodging
 - Level 0.8 Stealth


You couldn't memorise any spells.
You didn't know any spells.
Your spell library was empty.

Inventory:

Hand Weapons
 a - a +0 shortbow (weapon)
Armour
 c - a +0 leather armour (worn)
Scrolls
 b - a scroll of butterflies

Dungeon Overview and Level Annotations

Branches:
Dungeon (1/15)


Message History

Your Ranged Weapons skill increases to level 4!
A kobold comes into view. It is wielding a +0 dagger.
You shoot an arrow. The arrow hits the kobold.
The kobold shouts!
The kobold is severely wounded.
You shoot an arrow.
The arrow hits the kobold but does no damage.
The kobold is heavily wounded.
An endoplasm comes into view.
You shoot an arrow. The arrow barely misses the kobold.
You shoot an arrow. The arrow closely misses the kobold.
You shoot an arrow. The arrow closely misses the kobold.
You shoot an arrow. The arrow closely misses the kobold.
The kobold closely misses you.
You shoot an arrow. The arrow barely misses the kobold.
The kobold barely misses you. The endoplasm freezes you.
You are frozen.
The endoplasm freezes you.
You are frozen.
The kobold hits you but does no damage.
You shoot an arrow. The arrow completely misses the kobold.
The kobold hits you with a +0 dagger. The endoplasm closely misses you.
You shoot an arrow.
The arrow hits the kobold but does no damage.
The kobold hits you with a +0 dagger. The endoplasm freezes you.
You are frozen.
You shoot an arrow. The arrow closely misses the kobold.
The kobold hits you with a +0 dagger.
The endoplasm hits you but does no damage.
You shoot an arrow.
The arrow hits the kobold but does no damage.
The kobold hits you with a +0 dagger. The endoplasm closely misses you.
The endoplasm freezes you.
You are frozen.
The kobold hits you with a +0 dagger.
You shoot an arrow. The arrow hits the kobold!
You kill the kobold!
The endoplasm freezes you.
You are frozen.
You die...

#. .. #.#. .###. #.
#..(...##.##### .
......##.....##.
###.##.##.......# .
#......##.....#.##.#
#......##...........
###...<##...........
#......##...@)......
#......##....J......
#.#.#####...........
#......####.....##..
#......##.........#.
##..##.##..........
#......##........###
#......##........#
##(.#####...%....#


You could see an endoplasm.

Vanquished Creatures
  A dart slug (D:1)
  A bat (D:1)
  A giant cockroach (D:1)
  A kobold (D:1)
  A quokka (D:1)
  A rat (D:1)
6 creatures vanquished.

Notes
Turn   | Place    | Note
-------+----------+-------------------------------------------
     0 | D:1      | qw the Demigod Hunter began the quest for the Orb.
     0 | D:1      | Reached XP level 1. HP: 17/17 MP: 3/3
     0 | D:1      | 0 ||| qw: Version: 0.3-a-155-g5e7d8dd
     0 | D:1      | 0 ||| qw: Game counter: 377
     0 | D:1      | 0 ||| qw: Melee chars always use a shield: true
     0 | D:1      | 0 ||| qw: God list: Okawaru
     0 | D:1      | 0 ||| qw: Allow faded altars: false
     0 | D:1      | 0 ||| qw: Do Orc after clearing Dungeon:15 true
     0 | D:1      | 0 ||| qw: Do second Lair branch before Depths: true
     0 | D:1      | 0 ||| qw: Lair rune preference: random
     0 | D:1      | 0 ||| qw: Goals: Normal
     0 | D:1      | 0 ||| PLANNING D:1-11
    53 | D:1      | Reached skill level 4 in Ranged Weapons
    64 | D:1      | HP: 4/17 [kobold/+0 dagger (1)]
    64 | D:1      | HP: 1/17 [kobold/+0 dagger (1)]
    65 | D:1      | Frozen to death by an endoplasm

Levels and vault maps discovered:
D:1:      dpeg_arrival_ternary, layout_basic, chequers_ecumenical_altar_simple,
          st_stairs_7

Skill      XL: |  1 |
---------------+----+-----
Ranged Weapons | 4 |  4.0
Fighting       | |  1.7
Dodging        | |  1.7
Stealth        | |  0.8

Action                     || total
---------------------------++-------
   Fire: Shortbow          ||    27
 Armour: Leather armour    ||    12
  Dodge: Dodged            ||     8

Table legend:
 A = Non-vault XP
 B = Vault XP
 C = Vault XP percentage of total XP
 D = Non-vault monster count
 E = Vault monster count
 F = Vault count percentage of total count
                 A         B        C        D         E       F
            +---------+---------+-------+---------+---------+-------
      Total |      11 |       2 |  15.4 |       5 |       1 |  16.7
            +---------+---------+-------+---------+---------+-------
        D:1 |      11 |       2 |  15.4 |       5 |       1 |  16.7
            +---------+---------+-------+---------+---------+-------
